Map: Pillars of Gold LE

Players

GogojOey

  • Race: Zerg Zerg
  • Spawn Location: 1:00

Sen - Winner!

  • Race: Zerg Zerg
  • League: Grandmaster
  • Spawn Location: 7:00

Event: DreamHack SC2 Masters 2020 Summer TwHkMoJp

VOD

Have the link to the VOD?

Description

Time

  • Played on: June 24, 2020, 8:25 a.m.
  • Length: 4:54

All games in this series

Show
View Real Time Build Order
Export as new Build Order

GogojOey Zerg 

Build Orders: Hatch First 

Get SALT Encoding   

  12  0:00  Drone  
  13  0:12  Overlord  
  13  0:17  Drone  
  14  0:31  Drone x2  
  16  0:49  Hatchery  
  15  0:52  Drone  
  15  0:56  Drone  
  17  1:00  Drone  
  18  1:10  Extractor  
  17  1:16  Spawning Pool  
  16  1:18  Drone  
  16  1:21  Drone  
  18  1:28  Drone  
  19  1:39  Drone  
  20  1:49  Drone  
  21  2:00  Overlord  
  21  2:02  Queen x2  
  21  2:03  Drone  
  26  2:11  Drone  
  26  2:14  Drone  
  28  2:21  Drone  
  29  2:23  Drone  
  30  2:32  Overlord  
  30  2:33  Drone  
  31  2:38  Queen  
  31  2:43  Drone  
  34  2:45  Drone  
  34  2:49  Lair  
  35  2:57  Evolution Chamber  
  34  2:58  Drone  
  34  2:59  Drone  
  34  3:01  Roach Warren  
  34  3:05  Drone  
  36  3:06  Drone  
  36  3:09  Drone x2  
  36  3:11  Drone  
  40  3:14  Drone  
  40  3:18  Extractor  
  40  3:20  Extractor  
  40  3:21  Drone x3  
  42  3:32  Drone x2  
  44  3:34  Drone, Extractor  
  44  3:37  Evolution Chamber  
  43  3:42  Drone  
  43  3:46  Spine Crawler  
  43  3:48  Evolution Chamber  
  42  3:49  Roach  
  42  3:52  Evolution Chamber  
  43  3:59  Zergling x2  
  44  4:05  Spine Crawler  
  44  4:08  Zergling x2  
  44  4:15  Zergling x8  
  44  4:16  Queen  
  39  4:20  Zergling x2  
  39  4:24  Zergling x2  
Show
View Real Time Build Order
Export as new Build Order

Sen Zerg - Winner!

Build Orders: Hatch First 

Get SALT Encoding   

  12  0:00  Drone  
  13  0:12  Overlord  
  13  0:18  Drone  
  14  0:30  Drone x2  
  16  0:49  Hatchery  
  15  0:52  Drone  
  15  0:56  Drone  
  17  0:59  Drone  
  18  1:11  Extractor  
  18  1:15  Spawning Pool  
  16  1:19  Drone  
  16  1:22  Drone  
  18  1:29  Drone  
  19  1:44  Overlord  
  19  1:51  Drone  
  20  2:02  Queen  
  20  2:03  Zergling x2, Queen  
  20  2:04  Zergling x2  
  26  2:11  Metabolic Boost  
  26  2:13  Drone  
  27  2:16  Drone  
  28  2:24  Drone x2  
  30  2:41  Baneling Nest  
  30  2:43  Overlord  
  29  2:53  Zergling x2  
  29  2:54  Zergling x2  
  31  3:01  Hatchery  
  30  3:07  Zergling x4  
  32  3:14  Zergling x4  
  32  3:15  Zergling x6  
  38  3:20  Zergling x4  
  39  3:27  Baneling x4  
  39  3:31  Zergling x4  
  39  3:32  Zergling x2  
  42  3:37  Zergling x4  
  44  3:52  Baneling  
  43  4:01  Zergling x8  
  42  4:05  Baneling  
  42  4:08  Zergling x6  
  43  4:18  Zergling x14  
  48  4:32  Baneling  
Tags
 
Add a new tag
Caveats
  • Supply blocks, unpowered buildings, or Contaminate may cause inaccurate times.
  • Supply counts are checked every 10 seconds.